 Dungeon Sprint DCSS version 0.22-a0-469-gf26638a (webtiles) character file.

106 galech the Skirmisher (level 4, -4/57 HPs)
             Began as an Ogre Berserker on June 12, 2018.
             Was a Follower of Trog.
             Slain by Sigmund
             ... wielding a +0 scythe
              (8 damage)
             ... in the Dungeon (Sprint I: "Red Sonja").
             The game lasted 00:00:30 (404 turns).

galech the Skirmisher (Ogre Berserker)               Turns: 404, Time: 00:00:31

Health: -4/57      AC:  3    Str: 22    XL:     4   Next: 84%
Magic:  4/4        EV: 11    Int:  8    God:    Trog [*.....]
Gold:   54         SH:  0    Dex:  8    Spells: 3/3 levels left

rFire    . . .     SeeInvis .   a - +0 mace
rCold    . . .     Gourm    .   (no shield)
rNeg     . . .     Faith    .   b - +0 animal skin
rPois    .         Spirit   .   (helmet restricted)
rElec    .         Reflect  .   (no cloak)
rCorr    .         Harm     .   (gloves unavailable)
MR       .....     NoTele   +   (boots unavailable)
Stlth    +.........             (no amulet)
HPRegen  0.19/turn              (no ring)
MPRegen  0.09/turn              (no ring)

@: berserk cooldown, slowed, very slow
A: large, unfitting armour, tough skin 1
a: Berserk, Renounce Religion


You were in the Dungeon.
You worshipped Trog.
Trog was aware of your devotion.
You were not hungry.

You visited 1 branch You collected 54 gold pieces.

Inventory:

Hand Weapons
 a - a +0 mace (weapon)
Armour
 b - a +0 animal skin (worn)
Wands
 j - a wand of flame (43)
Scrolls
 i - a scroll of blinking
Potions
 d - a potion of curing
 e - a potion of heal wounds
 f - a potion of haste
 g - 2 potions of magic
 h - a potion of berserk rage
Comestibles
 c - a ration


   Skills:
 + Level 7.7 Fighting
 + Level 6.1 Maces & Flails
 + Level 5.0 Dodging


You had 3 spell levels left.
You didn't know any spells.
Your spell library was empty.

Dungeon Overview and Level Annotations

Branches:
Dungeon (1/1)

Altars:

Annotations:
D Sigmund


Innate Abilities, Weirdness & Mutations

You are too large for most types of armour.
You have tough skin. (AC +1)


Message History

You thump something! Something hits you!
You barely miss something.
You are no longer berserk.
You are exhausted.
You feel yourself slow down.
You hit something. Something hits you.
You closely miss something. Something hits you.
You hear some strange, mumbled words.
A magic dart appears from out of thin air!
The magic dart hits you!
You barely miss something.
You hear some strange, mumbled words.
A puff of flame appears from out of thin air!
The puff of flame hits you!
* * * LOW HITPOINT WARNING * * *
You miss something. Something hits you!
* * * LOW HITPOINT WARNING * * *
Okay, then.
You hit something but do no damage. Something hits you!
You die...

#############
#<.#..').#..+
#..').#..@{.#
#..#####'####
#..# #..#
#..# ####
#..# #⌠⌠#
####


There were no monsters in sight!

Vanquished Creatures
  An ogre (D)
  Ijyb (D)
2 creatures vanquished.

Notes
Turn   | Place    | Note
-------+----------+-------------------------------------------
     0 | D        | galech the Ogre Berserker began the quest for the Orb.
     0 | D        | Reached XP level 1. HP: 24/24 MP: 1/1
     1 | D        | Noticed Ijyb
    12 | D        | Killed Ijyb
    12 | D        | Reached skill level 5 in Fighting
    12 | D        | Reached XP level 2. HP: 12/36 MP: 2/2
    12 | D        | Reached XP level 3. HP: 14/44 MP: 3/3
   221 | D        | Noticed an ogre
   228 | D        | Killed an ogre
   228 | D        | Reached skill level 7 in Fighting
   228 | D        | Reached skill level 5 in Dodging
   228 | D        | Reached XP level 4. HP: 36/57 MP: 4/4
   387 | D        | Noticed Sigmund
   404 | D        | Slain by Sigmund

Vault maps used:
D:        dungeon_sprint_1

Skill      XL: |  1  2  3 |
---------------+----------+-----
Fighting       | 5 7 |  7.7
Maces & Flails | 4 6 |  6.1
Dodging        | 3 5 |  5.0

Action                   |  1- 3 |  4- 6 || total
-------------------------+-------+-------++-------
Melee: Mace              |    15 |    15 ||    30
Invok: Berserk           |     1 |     1 ||     2
Armor: Animal skin       |     3 |       ||     3
Dodge: Dodged            |     9 |     1 ||    10

Table legend:
 A = Spawn XP
 B = Non-spawn XP
 C = Spawn XP percentage of total XP
 D = Spawn monster count
 E = Non-spawn monster count
 F = Spawn count percentage of total count
 G = Total turns spent on level
                    A         B        C        D         E        F      G
               +---------+---------+-------+---------+---------+-------+---------
         Total |       0 |     152 |   0.0 |       0 |       2 |   0.0 |   404
               +---------+---------+-------+---------+---------+-------+---------
             D |       0 |     152 |   0.0 |       0 |       2 |   0.0 |   404
               +---------+---------+-------+---------+---------+-------+---------
